 Dungeon Crawl Stone Soup version 0.30.0-29-ga12c61a403 (webtiles) character file.

Game seed: 5206195989920183711

357 BONEBRO the Cleaver (level 6, -14/51 HPs)
             Began as a Hill Orc Monk on June 15, 2023.
             Was a Believer of Beogh.
             Demolished by Menkaure (19 damage)
             ... on level 5 of the Dungeon.
             The game lasted 00:16:09 (3327 turns).

BONEBRO the Cleaver (Hill Orc Monk)                 Turns: 3327, Time: 00:16:10

Health: -14/51     AC:  8    Str: 16    XL:     6   Next: 64%
Magic:  6/6        EV:  8    Int: 10    God:    Beogh [**....]
Gold:   164        SH:  0    Dex: 20    Spells: 5/5 levels left

rFire   . . .        a - +0 hand axe
rCold   . . .        d - orb {light}
rNeg    . . .        u - +0 chain mail
rPois   .            h - +0 hat "Jasu" {rElec Dex+7}
rElec   +            (no cloak)
rCorr   .            (no gloves)
SInv    .            (no boots)
Will    .....        (no amulet) Stlth
                     (no ring)
HPRegen 0.28/turn    (no ring)
MPRegen 0.10/turn

%: no passive effects
@: glowing
A: no striking features
a: Renounce Religion, Smiting


You were on level 5 of the Dungeon.
You worshipped Beogh.
Beogh was pleased with you.
You visited 2 branches of the dungeon, and saw 6 of its levels.

You collected 192 gold pieces.
You spent 28 gold pieces at shops.

Inventory:

Hand Weapons
 a - a +0 hand axe (weapon)
Missiles
 A - 7 poisoned darts (quivered)
Armour
 b - a +0 robe
 d - an orb of light (worn)
 e - a +0 leather armour
 g - a +0 ring mail
 h - the +0 hat "Jasu" (worn) {rElec Dex+7}
   (You acquired it on level 4 of the Dungeon)

   Dex:       It affects your dexterity (+7).
   rElec:     It insulates you from electricity.
 u - a +0 chain mail (worn)
Jewellery
 t - a ring of magical power
 w - a +5 ring of evasion
Wands
 i - a wand of light (2)
Scrolls
 f - a scroll of immolation
 j - a scroll of enchant weapon {unknown}
 l - 2 scrolls of vulnerability
 m - 2 scrolls of teleportation
 p - a scroll of magic mapping {unknown}
 q - 2 scrolls of amnesia
 s - 2 scrolls of enchant armour {unknown}
 y - a scroll of torment {unknown}
 z - a scroll of silence {unknown}
 B - a scroll of identify
Potions
 c - a potion of ambrosia
 k - a potion of curing {unknown}
 n - a potion of attraction {unknown}
 o - a potion of flight {unknown}
 r - 3 potions of lignification
 v - a potion of resistance {unknown}
 x - a potion of degeneration {unknown}
 C - a potion of magic {unknown}


   Skills:
 - Level 3.6 Fighting
 + Level 9.5 Axes
 - Level 2.4 Dodging


You had 5 spell levels left.
You didn't know any spells.
Your spell library contained the following spells:

 Spells                   Type           Power      Damage    Failure   Level
 Blink                    Tloc           0%         N/A       100%        2
 Manifold Assault         Tloc           0%         N/A       100%        4
 Storm Form               Tmut/Air       0%         N/A       100%        7


Dungeon Overview and Level Annotations

Branches:
Dungeon (5/15)             Temple (1/1) D:5

Altars:
Cheibriados
Dithmenos
Elyvilon
Fedhas
Gozag
Kikubaaqudgha
Makhleb
Nemelex Xobeh
Okawaru
Ru
Trog
Uskayaw
Vehumet
Wu Jian
Xom
Yredelemnul
Zin
The Shining One

Shops:
D:1 (   D:4 ?

Annotations:
D:5 Menkaure


Message History

There is a staircase to the Ecumenical Temple here.
You climb downwards.
Welcome to the Ecumenical Temple!
Found fifteen altars.
There is a staircase back to the Dungeon here.
You climb upwards.
Welcome back to the Dungeon!
There is a staircase to the Ecumenical Temple here.
The jackal bites you but does no damage.
You completely miss the jackal.
The jackal bites you but does no damage.
You hit the jackal.
The jackal is heavily wounded.
The jackal bites you but does no damage.
You hit the jackal.
The jackal is severely wounded.
The jackal barely misses you.
You hit the jackal.
You kill the jackal!
Beogh accepts your kill.
No target in view!
Found an escape hatch in the floor.
There is an escape hatch in the floor here.
Menkaure, Prince of Dust comes into view.
Found a gold wand.
Menkaure shouts!
Press: ? - help, v - describe, . - travel The floor.
Menkaure casts a spell.
Menkaure seems to speed up.
Menkaure calls on the powers of darkness!
Your body is wracked with pain!
Menkaure hits you!
You slash Menkaure!
Menkaure is moderately damaged.
Menkaure rustles drily.
Menkaure hits you!
* * * LOW HITPOINT WARNING * * *
You hit Menkaure.
Menkaure is heavily damaged.
Menkaure hits you!!
You die...

.# #.....## .# #......#
.# #......#
.#########..##.####
..#.....##..##.#..#
..#..>.......+....#
.###....##...#....#
.###....##...#....#
......^.#######.@########
........# #.M##.....#.
##......# +...........
...#.#### #........../
##....... #...........
#..#..... #...........
#..###..## #####....###
...# ..# ....# ..... ...
......


You could see Menkaure (fast).

Vanquished Creatures
  An ogre (D:4)
  A hound (D:4)
  An orc wizard (D:4)
  Ijyb (D:4)
  4 gnolls (D:3)
  6 adders
  2 worms
  2 dart slugs
  3 orcs (D:4)
  7 ball pythons
  9 endoplasms
  5 giant cockroaches
  4 goblins
  15 hobgoblins
  3 jackals
  5 kobolds
  4 quokkas
  8 bats
  4 frilled lizards
  4 rats
89 creatures vanquished.

Vanquished Creatures (others)
  An orc (D:4)
  A ball python (D:3)
  A hobgoblin (D:4)
3 creatures vanquished.

Grand Total: 92 creatures vanquished

Notes
Turn   | Place    | Note
-------+----------+-------------------------------------------
     0 | D:1      | BONEBRO the Hill Orc Monk began the quest for the Orb.
     0 | D:1      | Reached XP level 1. HP: 19/19 MP: 1/1
    73 | D:1      | Reached XP level 2. HP: 26/26 MP: 2/2
   131 | D:1      | Reached skill level 5 in Axes
   181 | D:1      | Found Atzud's Antique Weapon Boutique.
   338 | D:1      | Reached XP level 3. HP: 31/31 MP: 3/3
   729 | D:2      | Reached skill level 6 in Axes
   779 | D:2      | Found a faded altar of an unknown god.
   940 | D:2      | Reached XP level 4. HP: 39/39 MP: 4/4
  1433 | D:3      | Found a basalt altar of Yredelemnul.
  1481 | D:3      | Found an iron altar of Okawaru.
  1527 | D:3      | Became a worshipper of Beogh the Brigand
  1527 | D:3      | Reached * piety under Beogh
  1527 | D:3      | Reached ** piety under Beogh
  1638 | D:3      | Found an ornate altar of the Wu Jian Council.
  1756 | D:3      | Reached skill level 7 in Axes
  1874 | D:3      | Reached XP level 5. HP: 27/45 MP: 5/5
  2286 | D:4      | Noticed Ijyb
  2303 | D:4      | Reached skill level 8 in Axes
  2332 | D:4      | Killed Ijyb
  2395 | D:4      | Found Mohofe's Magic Scroll Boutique.
  2402 | D:4      | Bought a scroll of identify for 28 gold pieces
  2406 | D:4      | Identified a scroll of acquirement
  2407 | D:4      | Acquired the +0 hat "Jasu" {rElec Dex+7}
  2628 | D:4      | Reached XP level 6. HP: 50/51 MP: 6/6
  2676 | D:4      | Reached skill level 9 in Axes
  3099 | D:5      | Entered Level 5 of the Dungeon
  3267 | D:5      | Found a staircase to the Ecumenical Temple.
  3274 | Temple   | Entered the Ecumenical Temple
  3313 | D:5      | Noticed Menkaure
  3327 | D:5      | Demolished by Menkaure

Illustrated notes

Levels and vault maps discovered:
D:1:      minmay_arrival_plants_in_alcoves, layout_basic, serial_shops, shop,
          minmay_heptomino_l4
D:2:      layout_loops_ring, basic_ecumenical_altar
D:3:      layout_basic, kennysheep_okawaru_gauntlet, pf_just_have_faith,
          nicolae_overflow_hidden_temple
D:4:      layout_rooms, serial_shops, nicolae_shop_rolling_square, uniq_ijyb
D:5:      layout_gridville, minmay_temple_entry_slanted, uniq_blork_the_orc,
          uniq_menkaure
Temple:   nicolae_temple_no_exploring_needed

Skill      XL: |  1  2  3  4  5  6 |
---------------+-------------------+-----
Axes           | 5 6 7 8 9 |  9.5
Fighting       | |  3.6
Dodging        | |  2.4

Action                     |  1- 3 |  4- 6 || total
---------------------------+-------+-------++-------
  Melee: Hand axe          |   103 |   204 ||   307
  Throw: Throwing net      |       |     1 ||     1
 Invoke: Convert to Beogh  |       |     1 ||     1
         Smiting           |       |     2 ||     2
    Use: Scroll            |       |     7 ||     7
 Armour: Robe              |    10 |       ||    10
         Ring mail         |    21 |    32 ||    53
         Chain mail        |       |    17 ||    17
  Dodge: Dodged            |    61 |    92 ||   153
